 Dungeon Crawl Stone Soup version 0.22-a0-542-gce4f928 (webtiles) character file.

373 kae the Insei (level 6, -3/69 HPs)
             Began as a Demonspawn Transmuter on June 24, 2018.
             Blown up by Ijyb (15 damage)
             ... with a wand of disintegration (14)
             ... on level 4 of the Dungeon.
             The game lasted 00:03:23 (4679 turns).

kae the Insei (Demonspawn Transmuter)               Turns: 4679, Time: 00:03:23

Health: -3/69      AC: 23    Str: 10    XL:     6   Next: 43%
Magic:  10/10      EV:  2    Int: 15    God:
Gold:   118        SH:  0    Dex: 15    Spells: 8/11 levels left

rFire    + . .     SeeInvis .   e - +0 hand axe
rCold    . . .     Gourm    +   (no shield)
rNeg     + + +     Faith    .   (armour currently unavailable)
rPois    +         Spirit   .   (helmet currently unavailable)
rElec    .         Reflect  .   (cloak currently unavailable)
rCorr    .         Harm     .   (gloves currently unavailable)
MR       .....     NoTele   +   (boots currently unavailable)
Stlth    +.........             m - amulet of the gourmand
HPRegen  0.21/turn              o - ring of protection from fire
MPRegen  0.12/turn              (no ring)

@: tree-form
A: no striking features
a: no special abilities


You were on level 4 of the Dungeon.
You were very full.
You were a tree.
You visited 1 branch of the dungeon, and saw 4 of its levels.

You collected 184 gold pieces.
You spent 66 gold pieces at shops.

Inventory:

Hand Weapons
 e - a +0 hand axe (weapon)
Missiles
 a - 12 arrows
Armour
 b - a +0 robe
 f - a +1 leather armour (melded)
 g - a +0 helmet (melded)
Jewellery
 m - an amulet of the gourmand (around neck)
 o - a ring of protection from fire (left branch)
Scrolls
 c - 2 scrolls of remove curse
 l - 2 scrolls of blinking
 s - a scroll of enchant armour
 t - a scroll of teleportation
Potions
 h - 2 potions of degeneration
 i - a potion of brilliance
 k - a potion of flight {unknown}
 n - a potion of heal wounds {unknown}
 p - 2 potions of cancellation {unknown}
 q - a potion of haste {unknown}
Comestibles
 d - 9 rations


   Skills:
 + Level 2.7 Fighting
 - Level 1.7 Dodging
 * Level 4.3 Unarmed Combat
 + Level 3.1 Spellcasting
 * Level 3.9 Transmutations


You had 8 spell levels left.
You knew the following spells:

 Your Spells              Type           Power        Failure   Level  Hunger
a - Beastly Appendage     Tmut           ##....       4%          1    #......
b - Sticks to Snakes      Tmut           ##......     6%          2    ##.....

Your spell library contained the following spells:

 Spells                   Type           Power        Failure   Level  Hunger
 Spider Form              Tmut/Pois      #.........   26%         3    ###....
 Blade Hands              Tmut           ##........   73%         5    ######.
 Ice Form                 Ice/Tmut       #.......     65%         4    #####..


Dungeon Overview and Level Annotations

Branches:
Dungeon (4/15)
 Temple: D:4-7

Altars:
Ashenzari

Shops:
D:4 ?

Annotations:
D:4 Ijyb


Innate Abilities, Weirdness & Mutations

((You have large cloven feet.))
((You are partially covered in sharp spines.))


Message History

You hit the orc wizard but do no damage.
The orc wizard hits you but does no damage.
Ijyb hits you but does no damage.
The orc wizard casts a spell.
The orc wizard blinks!
You closely miss Ijyb.
Ijyb is lightly wounded.
The orc wizard gestures wildly while chanting.
The orc wizard blinks!
Ijyb hits you but does no damage.
You hit Ijyb.
Ijyb is moderately wounded.
Ijyb hits you but does no damage.
Ijyb zaps a wand.
You are blasted!
* * * LOW HITPOINT WARNING * * *
You closely miss Ijyb.
Ijyb is moderately wounded.
Ijyb hits you but does no damage.
You closely miss Ijyb.
Ijyb is moderately wounded.
Ijyb zaps a wand.
You are blasted!
You die...

.......
....... .
....... ..
....... ...
.....
....####...
......#)[#
#.g♣#
###.## ###
#..####..#
##.##....##
#.#......#
##o......#
#........#
#........#
##.......#


You could see Ijyb and an orc wizard.

Vanquished Creatures
  Duvessa (D:4)
  Dowan (D:4)
  Terence (D:2)
  Robin (D:2)
  4 gnolls (D:3)
  2 adders (D:3)
  2 worms
  3 dart slugs (D:2)
  2 leopard geckos (D:2)
  12 orcs
  A ball python (D:2)
  A giant cockroach (D:2)
  16 goblins
  11 hobgoblins
  6 jackals
  8 kobolds
  A quokka (D:3)
  5 bats
  6 frilled lizards
  8 rats
92 creatures vanquished.

Notes
Turn   | Place    | Note
-------+----------+-------------------------------------------
     0 | D:1      | kae the Demonspawn Transmuter began the quest for the Orb.
     0 | D:1      | Reached XP level 1. HP: 15/15 MP: 3/3
   396 | D:1      | Gained mutation: You have large cloven feet. [demonic ancestry]
   396 | D:1      | Reached XP level 2. HP: 6/21 MP: 5/5
   702 | D:1      | Reached skill level 3 in Unarmed Combat
  1429 | D:1      | Gained mutation: You are partially covered in sharp spines. [demonic ancestry]
  1429 | D:1      | Reached XP level 3. HP: 26/26 MP: 4/6
  1484 | D:1      | Learned a level 2 spell: Sticks to Snakes
  2094 | D:2      | Noticed Terence
  2102 | D:2      | Killed Terence
  2105 | D:2      | Reached XP level 4. HP: 12/33 MP: 7/7
  2338 | D:2      | Noticed Robin
  2354 | D:2      | Killed Robin
  3569 | D:3      | Reached XP level 5. HP: 38/38 MP: 7/9
  4007 | D:3      | Found a shattered altar of Ashenzari.
  4173 | D:4      | Found Xyqeim's Magic Scroll Shoppe.
  4184 | D:4      | Bought 3 scrolls of identify for 66 gold pieces
  4202 | D:4      | Noticed Duvessa
  4205 | D:4      | Noticed Dowan
  4216 | D:4      | Killed Duvessa
  4216 | D:4      | Reached skill level 4 in Unarmed Combat
  4216 | D:4      | Reached XP level 6. HP: 16/46 MP: 10/10
  4219 | D:4      | Killed Dowan
  4663 | D:4      | Noticed Ijyb
  4679 | D:4      | Blown up by Ijyb

Vault maps used:
D:1:      sevenhm_arrival_forest_fort_large_2
D:2:      kennysheep_generic_room_13, uniq_terence, uniq_robin
D:3:      first_ration, minmay_liquid_box, ashenzari_altar_1
D:4:      kennysheep_slugbush, serial_shops,
          nicolae_shop_competitors_out_of_business, uniq_duvessa, uniq_ijyb

Skill      XL: |  1  2  3  4  5 |
---------------+----------------+-----
Transmutations | 2 3 |  3.9
Unarmed Combat | 3 4 |  4.3
Fighting       | 2 |  2.7
Spellcasting   | 3 |  3.1
Dodging        | |  1.7

Action                   |  1- 3 |  4- 6 || total
-------------------------+-------+-------++-------
Melee: Unarmed           |    20 |       ||    20
       Hand axe          |    75 |   136 ||   211
       Kick              |    11 |    26 ||    37
       Punch             |     2 |     3 ||     5
       Headbutt          |     1 |     1 ||     2
 Cast: Beastly Appendage |     8 |     3 ||    11
  Use: Scroll            |     3 |     9 ||    12
       Potion            |       |     4 ||     4
 Stab: Sleeping          |       |     1 ||     1
  Eat: Chunk             |     4 |    17 ||    21
Armor: Robe              |     4 |       ||     4
       Leather armour    |    14 |    34 ||    48
       Skin              |       |    27 ||    27
Dodge: Dodged            |    77 |    68 ||   145

Table legend:
 A = Spawn XP
 B = Non-spawn XP
 C = Spawn XP percentage of total XP
 D = Spawn monster count
 E = Non-spawn monster count
 F = Spawn count percentage of total count
 G = Total turns spent on level
                    A         B        C        D         E        F      G
               +---------+---------+-------+---------+---------+-------+---------
         Total |       0 |     533 |   0.0 |       0 |      92 |   0.0 |  4679
               +---------+---------+-------+---------+---------+-------+---------
           D:1 |       0 |      47 |   0.0 |       0 |      29 |   0.0 |  1962
           D:2 |       0 |     115 |   0.0 |       0 |      31 |   0.0 |  1049
           D:3 |       0 |     129 |   0.0 |       0 |      26 |   0.0 |  1136
           D:4 |       0 |     242 |   0.0 |       0 |       6 |   0.0 |   532
               +---------+---------+-------+---------+---------+-------+---------
